Selects Italian Combined Arms Battlegroup
Kradschützen Motorcycle Team
Selects Bersaglieri Squad
Construct Light Support Kompanie
Selects Bersaglieri Bolster
Selects Breda Model 30 Light Machine Guns
Construct Panzerarmee Kommand
Selects Semovente da 75/18 Assault Gun
Flak 36 Anti-tank Gun Team
Walking Stuka Rocket Launcher
Walking Stuka Rocket Launcher
Walking Stuka Rocket Launcher
Construct Mechanized Kompanie
254 Reconnaissance Tractor
Walking Stuka Rocket Launcher
Walking Stuka Rocket Launcher
254 Reconnaissance Tractor